 Dungeon Crawl Stone Soup version 0.30-b1-2-g02819fbbbe (webtiles) character file.

Game seed: 10273627835557007018

224 seren the Ducker (level 6, -5/41 HPs)
             Began as a Djinni Fire Elementalist on Dec 30, 2023.
             Slain by an iguana (13 damage)
             ... on level 5 of the Dungeon.
             The game lasted 00:20:41 (3338 turns).

seren the Ducker (Djinni Fire Elementalist)         Turns: 3338, Time: 00:20:42

Health: -5/41      AC:  2    Str:  7    XL:     6   Next: 20%
Gold:   151        EV: 13    Int: 24    God:
                   SH:  0    Dex: 14

rFire   + + .        g - staff of poison
rCold   x . .        (no shield)
rNeg    . . .        a - +0 robe
rPois   ∞            (no helmet)
rElec   .            (no cloak)
rCorr   .            (no gloves)
SInv    .            (boots unavailable)
Will    .....        j - amulet of regeneration
Stlth   ++           e - +6 ring of intelligence
HPRegen 1.06/turn    p - ring of wizardry
MPRegen 0.00/turn

%: wizardry (x1), infuse magic (-6 HP)
@: flying
A: sickness immunity, fire resistance 2, cold vulnerability 1, float, innate
caster, HP casting, extra vitality 1
a: no special abilities


You were on level 5 of the Dungeon.
You visited 1 branch of the dungeon, and saw 5 of its levels.

You collected 151 gold pieces.

Inventory:

Hand Weapons
 d - a +0 short sword
 k - the +5 great sword of Attainder {venom, rC+ Str+5}
   (You found it on level 2 of the Dungeon)

   Str:       It affects your strength (+5).
   rC:        It protects you from cold.
Armour
 a - a +0 robe (worn)
Magical Staves
 g - a staff of poison (weapon)
Jewellery
 e - a +6 ring of intelligence (left hand)
 j - an amulet of regeneration (around neck)
 p - a ring of wizardry (right hand)
Scrolls
 b - a scroll of silence {unknown}
 h - a scroll of poison {unknown}
 l - a scroll of magic mapping {unknown}
 o - a scroll of noise {unknown}
Potions
 c - a potion of lignification {unknown}
 f - a potion of berserk rage
 i - a potion of curing {unknown}
 m - 2 potions of degeneration {unknown}
 n - 2 potions of haste
 q - a potion of heal wounds {unknown}
 r - a potion of mutation {unknown}


   Skills:
 + Level 0.9 Fighting
 + Level 0.6 Staves
 + Level 4.0 Dodging
 - Level 3.0 Stealth
 + Level 3.3 Spellcasting
 + Level 1.3 Evocations


You knew the following spells:

 Your Spells              Type           Power      Damage    Failure   Level
a - Foxfire               Conj/Fire      76%        2x1d7     1%          1
b - Scorch                Fire           38%        2d7       1%          2
c - Volatile Blastmotes   Fire/Tloc      38%        2d13      3%          3
d - Inner Flame           Hex/Fire       19%        N/A       3%          3
e - Flame Wave            Conj/Fire      19%        2d7       11%         4
f - Apportation           Tloc           38%        N/A       1%          1
g - Blink                 Tloc           38%        N/A       1%          2
Your spell library was empty.

Dungeon Overview and Level Annotations

Branches:
Dungeon (5/15)
 Temple: D:4-7

Altars:

Shops:
D:1 =

Annotations:
D:2 exclusion: downstairs
D:3 exclusion: downstairs, Ijyb


Innate Abilities, Weirdness & Mutations

You are immune to sickness and miasma.
You are immune to poison.
Your flesh is very heat resistant. (rF++)
You are vulnerable to cold. (rC-)
You float through the air rather than walking.
You learn spells naturally, not from books.
Your magical power is your life essence.
You have superior vitality. (+4 MHP)


Message History

You fly downwards.
There is a stone staircase leading up here.
You fly upwards.
Your amulet attunes itself to your body as you begin to regenerate more quickly.
The iguana bites you! x2
There is a stone staircase leading down here.
The orc warrior shouts!
The iguana closely misses you.
You fly downwards.
There is a stone staircase leading up here.
Casting: Foxfire (safe; 1% risk of failure)
Press: ? - help, Q - select action, (/) - cycle Dir - look around, f - activate You conjure some foxfire!
The iguana barely misses you.
The foxfire hits the iguana but does no damage. x2
The iguana completely misses you.
Casting: Foxfire (safe; 1% risk of failure)
Press: ? - help, Q - select action, (/) - cycle Dir - look around, f - activate You conjure some foxfire!
The iguana bites you! The iguana attacks as you move away!
The iguana bites you but does no damage.
The foxfire hits the iguana.
The iguana is moderately wounded.
The foxfire hits the iguana.
The iguana is severely wounded.
Casting: Foxfire (safe; 1% risk of failure)
Press: ? - help, Q - select action, (/) - cycle Dir - look around, f - activate You conjure some foxfire!
The iguana bites you!
* * * LOW HITPOINT WARNING * * *
The iguana attacks as you move away! The iguana closely misses you.
The foxfire hits the iguana.
The iguana is severely wounded.
The foxfire hits the iguana.
The iguana is severely wounded.
You hit the iguana.
The iguana is severely wounded.
The iguana bites you!
You die...

... . ... ..
... .##.###
.....#
#.#####.#.#
#.........#
#..####@§.#
#......l..#
##.###.<..#
............+
##.##....####
.......#
###.#### #.
#.


You could see an iguana.

Vanquished Creatures
  A scorpion (D:4)
  2 iguanas
  2 adders
  A worm (D:3)
  2 dart slugs
  4 orcs
  6 ball pythons
  5 bats
  5 endoplasms
  8 giant cockroaches
  9 goblins
  7 hobgoblins
  5 jackals
  7 quokkas
  3 frilled lizards
  2 kobolds
  4 rats
73 creatures vanquished.

Vanquished Creatures (others)
  190 foxfires
  19 plants (D:4)
209 creatures vanquished.

Grand Total: 282 creatures vanquished

Notes
Turn   | Place    | Note
-------+----------+-------------------------------------------
     0 | D:1      | seren the Djinni Fire Elementalist began the quest for the
                  | Orb.
     0 | D:1      | seren set off with the following spells memorised: Foxfire,
                  | Scorch, Volatile Blastmotes, Inner Flame, Flame Wave.
     0 | D:1      | Reached XP level 1. HP: 15/15 MP: 0/0
    49 | D:1      | Found a faded altar of an unknown god.
    92 | D:1      | Reached XP level 2. HP: 21/21 MP: 0/0
   329 | D:1      | Found Foguog's Jewellery Emporium.
   438 | D:1      | Reached XP level 3. HP: 20/25 MP: 0/0
   438 | D:1      | Learned a level 1 spell: Apportation
   895 | D:2      | Reached skill level 3 in Dodging
   941 | D:2      | Identified the +5 great sword of Attainder {venom, rC+
                  | Str+5}
   972 | D:2      | Reached XP level 4. HP: 29/31 MP: 0/0
  1364 | D:3      | Noticed Ijyb
  1663 | D:4      | Noticed a scorpion
  1835 | D:3      | Reached XP level 5. HP: 26/35 MP: 0/0
  1835 | D:3      | Learned a level 2 spell: Blink
  2930 | D:4      | Noticed an orc warrior
  2930 | D:4      | Noticed a steam dragon
  2986 | D:4      | Reached skill level 1 in Evocations
  3083 | D:4      | Reached XP level 6. HP: 30/41 MP: 0/0
  3272 | D:4      | Reached skill level 4 in Dodging
  3305 | D:5      | Entered Level 5 of the Dungeon
  3338 | D:5      | Slain by an iguana

Illustrated notes

Levels and vault maps discovered:
D:1:      beargit_arrival_diablo_church, layout_basic, serial_shops,
          nicolae_shop_tiny_waterfront, ebering_ecumenical_altar_webs,
          minmay_worlds_worst_comb
D:2:      layout_basic, grunt_decor_resistance, minmay_tromino_v4_c
D:3:      layout_basic, minivault_25, guppyfry_early_orc_mine, uniq_ijyb
D:4:      layout_basic, mainiacjoe_overflow_six_doors_small,
          nicolae_dithmenos_shadow_blocks, mainiacjoe_overflow_large_starburst,
          mainiacjoe_overflow_chevrons, roderic_batcave, minmay_manual_moon
D:5:      layout_loops_corners, serial_undead, serial_undead_d, serial_undead_c,
          serial_undead_c, serial_undead_f

Skill      XL: |  1  2  3  4  5  6 |
---------------+-------------------+-----
Stealth        | 2 3 |  3.0
Dodging        | 3 4 |  4.0
Spellcasting   | 3 |  3.3
Evocations     | 1 |  1.3
Fighting       | |  0.9
Staves         | |  0.6

Action                     |  1- 3 |  4- 6 || total
---------------------------+-------+-------++-------
  Melee: Staff             |     4 |     8 ||    12
   Cast: Foxfire           |    42 |    74 ||   116
         Scorch            |     8 |       ||     8
         Apportation       |       |     5 ||     5
         Inner Flame       |       |     1 ||     1
         Volatile Blastmot |       |     4 ||     4
    Use: Scroll            |       |     5 ||     5
 Armour: Robe              |     9 |    12 ||    21
  Dodge: Dodged            |    26 |    32 ||    58
